 Dungeon Crawl Stone Soup version 0.26.0-45-g9c1d065592 (webtiles) character file.

Game seed: 7488504115761472108

33 Gauvater the Skirmisher (level 3, -5/33 HPs)
             Began as a Palentonga Fighter on Jan 28, 2021.
             Was an Initiate of Wu Jian.
             Slain by a gnoll
             ... wielding a +0 halberd
              (13 damage)
             ... on level 2 of the Dungeon.
             The game lasted 00:04:43 (575 turns).

Gauvater the Skirmisher (Palentonga Fighter)         Turns: 575, Time: 00:04:44

Health: -5/33      AC:  6    Str: 20    XL:     3   Next: 12%
Magic:  3/3        EV:  5    Int:  8    God:    Wu Jian [......]
Gold:   16         SH:  8    Dex:  9    Spells: 2/2 levels left

rFire    . . .     SeeInvis +   a - +0 war axe
rCold    . . .     Faith    .   c - +0 kite shield
rNeg     . . .     Spirit   .   b - +0 scale mail
rPois    .         Reflect  .   (no helmet)
rElec    .         Harm     .   (no cloak)
rCorr    .         Rampage  .   (no gloves)
Will     .....                  (no barding)
Stlth    ..........             (no amulet)
HPRegen  0.11/turn              (no ring)
MPRegen  0.08/turn              (no ring)

@: no status effects
A: large, rugged brown scales 3, see invisible, deformed body, roll 1, armoured
tail
a: Rolling Charge, Renounce Religion


You were on level 2 of the Dungeon.
You worshipped Wu Jian.
Wu Jian was noncommittal.
You visited 1 branch of the dungeon, and saw 2 of its levels.

You collected 16 gold pieces.

Inventory:

Hand Weapons
 a - a +0 war axe (weapon)
Missiles
 e - 11 stones
 g - a throwing net
Armour
 b - a +0 scale mail (worn)
 c - a +0 kite shield (worn)
Scrolls
 f - 4 scrolls of identify {unknown}
Potions
 d - a potion of might
 h - a potion of ambrosia {unknown}
 i - 2 potions of curing {unknown}
 j - a potion of heal wounds {unknown}


   Skills:
 + Level 3.2 Fighting
 + Level 2.4 Axes
 + Level 2.7 Armour
 + Level 0.1 Dodging
 + Level 2.8 Shields


You had 2 spell levels left.
You didn't know any spells.
Your spell library was empty.

Dungeon Overview and Level Annotations

Branches:
Dungeon (2/15)

Altars:
Wu Jian
Zin


Innate Abilities, Weirdness & Mutations

You are completely covered in rugged brown scales. (AC +3, +7% HP)
You have supernaturally acute eyesight. (SInv)
Armour fits poorly on your strangely shaped body.
You can roll at nearby foes to attack.
You have a long armoured tail.


Message History

You roll forward with a clatter of scales!
You hit the gnoll but do no damage.
Your tail-slap misses the gnoll.
You barely miss the gnoll. You block the gnoll's attack. x2
The gnoll barely misses you.
The gnoll hits you from afar with a cursed -2 spear!
You hit the gnoll.
The gnoll is moderately wounded.
You hit the gnoll. The gnoll hits you but does no damage.
The gnoll barely misses you. The gnoll hits you with a +0 halberd.
Your shield prevents you from hitting the gnoll.
The gnoll is moderately wounded.
Your shield prevents you from hitting the gnoll.
You block the gnoll's attack. The gnoll hits you with a +0 club.
The gnoll hits you with a +0 halberd!
The gnoll hits you from afar with a cursed -2 spear.
* * * LOW HITPOINT WARNING * * *
You block the gnoll's attack.
The gnoll hits you from afar with a +0 halberd!
You die...

#.# #.#..#
#.#..#
#.#..#
#.#..## ###
#.#... ....
#.##.##..##.
#.##g.......
#.@g.g......
#######.....
###


You could see 3 gnolls.

Vanquished Creatures
  2 dart slugs
  A leopard gecko (D:1)
  4 giant cockroaches
  2 hobgoblins (D:1)
  5 kobolds (D:1)
  A bat (D:1)
  2 frilled lizards (D:1)
  6 goblins
  5 rats
28 creatures vanquished.

Notes
Turn   | Place    | Note
-------+----------+-------------------------------------------
     0 | D:1      | Gauvater the Palentonga Fighter began the quest for the
                  | Orb.
     0 | D:1      | Reached XP level 1. HP: 20/20 MP: 1/1
   104 | D:1      | Reached XP level 2. HP: 27/27 MP: 2/2
   488 | D:2      | Found an ornate altar of the Wu Jian Council.
   492 | D:2      | Reached XP level 3. HP: 33/33 MP: 3/3
   499 | D:2      | Found a glowing silver altar of Zin.
   510 | D:2      | Became a worshipper of the Wu Jian Council
   575 | D:2      | Slain by a gnoll

Illustrated notes

Levels and vault maps discovered:
D:1:      dpeg_arrival_shrine, layout_basic
D:2:      layout_loops_ring, grunt_temple_overflow_open

Action                   || total
-------------------------++-------
Melee: War axe           ||    73
       Tailslap          ||     6
 Abil: Rolling Charge    ||    16
Armor: Scale mail        ||    29
Dodge: Dodged            ||    16
Block: Kite shield       ||    41
